 Dungeon Crawl Stone Soup version 0.22-a0-247-gbddf880 (webtiles) character file.

125 ryw the Stinger (level 4, -1/35 HPs)
             Began as a Demigod Wanderer on Feb 27, 2018.
             Slain by a sky beast (3 damage)
             ... on level 5 of the Dungeon.
             The game lasted 00:08:24 (1882 turns).

ryw the Stinger (Demigod Wanderer)                  Turns: 1882, Time: 00:08:25

Health: -1/35      AC:  2    Str: 15    XL:     4   Next: 53%
Magic:  0/8        EV: 12    Int: 17    God:
Gold:   108        SH:  0    Dex: 16    Spells: 1/5 levels left

rFire    + . .     SeeInvis .   b - +0 falchion
rCold    + . .     Gourm    .   (no shield)
rNeg     . . .     Faith    .   d - +0 robe
rPois    +         Spirit   .   (no helmet)
rElec    +         Reflect  .   i - scarf {repulsion}
rCorr    +         Harm     .   (no gloves)
MR       .....                  (no boots)
Stlth    ++........             (no amulet)
HPRegen  0.11/turn              (no ring)
MPRegen  0.11/turn              (no ring)

@: resistant, very slightly contaminated, repel missiles
A: high mp 1
a: no special abilities


You were on level 5 of the Dungeon.
You were not hungry.

You visited 1 branch of the dungeon, and saw 4 of its levels.

You collected 108 gold pieces.

Inventory:

Hand Weapons
 b - a +0 falchion (weapon)
Missiles
 a - 79 stones (quivered)
 n - 15 poisoned needles
Armour
 d - a +0 robe (worn)
 i - a scarf of repulsion (worn)
   (You found it on level 1 of the Dungeon)
 j - a +0 buckler
   (You found it on level 2 of the Dungeon)
Jewellery
 g - an uncursed amulet of the acrobat {unknown}
   (You found it on level 1 of the Dungeon)
 m - an uncursed amulet of magic regeneration {unknown}
   (You took it off a goblin on level 2 of the Dungeon)
Scrolls
 c - 2 scrolls of teleportation {@r4}
 h - 2 scrolls of remove curse {unknown}
 k - a scroll of immolation {unknown}
 l - a scroll of fear {unknown}
Potions
 f - a potion of resistance
 p - 2 potions of lignification {unknown}
Comestibles
 e - 3 rations


   Skills:
 - Level 1.0 Fighting
 - Level 1.0 Dodging
 - Level 1.0 Stealth
 - Level 1.0 Shields
 - Level 1.0 Unarmed Combat
 - Level 1.0 Spellcasting
   Level 1.7 Charms
 + Level 4.6 Poison Magic


You had one spell level left.
You knew the following spells:

 Your Spells              Type           Power        Failure   Level  Hunger
a - Sting                 Conj/Pois      #...         9%          1    ##.....
d - Mephitic Cloud        Conj/Pois/Air  #.......     34%         3    ####...


Dungeon Overview and Level Annotations

Branches:
Dungeon (5/15)
 Temple: D:4-7

Annotations:
D:4 Edmund


Innate Abilities, Weirdness & Mutations

You have an increased reservoir of magic. (+10% MP)


Message History

You eat one of the 4 rations.
That ration really hit the spot!
Unknown command.
Aim: an orc, wielding a flail The sting misses the orc.
The orc closely misses you.
You riposte.
You completely miss the orc.
Aim: an orc, wielding a flail The sting hits the orc.
The orc is poisoned.
The orc barely misses you.
You riposte.
You hit the orc.
You kill the orc!
The orc wizard points at you and mumbles some strange words.
The magic dart hits you!
Aim: an orc priest, wielding a hand axe You miscast Sting.
You are very lightly contaminated with residual magic.
Nothing appears to happen.
Aim: an orc priest, wielding a hand axe The sting hits the orc priest.
The orc priest is poisoned.
The orc priest hits you with a hand axe.
The orc priest looks encouraged for a moment.
Aim: an orc priest, wielding a hand axe (severely wounded, poisoned)
Okay, then.
Throwing (i - inventory)
a - 80 stones (quivered)
Aim: an orc priest, wielding a hand axe (severely wounded, poisoned)
You throw a stone.
The stone hits the orc priest but does no damage.
The orc priest looks more healthy.
Aim: an orc priest, wielding a hand axe (severely wounded)
The sting hits the orc priest.
The orc priest looks satisfied for a moment.
You closely miss the orc priest. You hit the orc priest.
You kill the orc priest!
Something hits you.
* * * LOW HITPOINT WARNING * * *
Something shocks you.
* * * LOW HITPOINT WARNING * * *
The orc wizard casts a spell at you.
The puff of flame hits something.
Okay, then.
Aim: an orc wizard, wielding a dagger and wearing a robe The sting hits something.
Something hits you.
* * * LOW HITPOINT WARNING * * *
Something shocks you.
* * * LOW HITPOINT WARNING * * *
Okay, then.
It was a potion of resistance.
You feel protected. Something hits you.
You die...

#[ ...
#.####%#
.#.......
........#
##
#......#
..
#....##{#
#....<#o#
#.#..##o#
#..)@.#.#
###{###.#
#(.o).#
#######


There were no monsters in sight!

Vanquished Creatures
  An orc priest (D:5)
  An iguana (D:5)
  2 adders
  2 dart slugs (D:1)
  A leopard gecko (D:2)
  2 orcs (D:5)
  4 bats
  10 goblins
  5 hobgoblins
  4 jackals (D:1)
  A quokka (D:2)
  2 frilled lizards (D:1)
  5 kobolds
  3 rats
43 creatures vanquished.

Notes
Turn   | Place    | Note
-------+----------+-------------------------------------------
     0 | D:1      | ryw the Demigod Wanderer began the quest for the Orb.
     0 | D:1      | ryw set off with: a +0 falchion, a scroll of teleportation {@r4}, a +0 robe, a ration
     0 | D:1      | Reached XP level 1. HP: 16/16 MP: 4/4
     2 | D:1      | Learned a level 1 spell: Sting
   129 | D:1      | Reached skill level 2 in Poison Magic
   280 | D:1      | Reached XP level 2. HP: 23/23 MP: 5/5
   364 | D:1      | Reached skill level 3 in Poison Magic
   743 | D:1      | Reached XP level 3. HP: 27/28 MP: 6/6
   748 | D:1      | Learned a level 3 spell: Mephitic Cloud
  1145 | D:2      | You fall through a shaft for 2 floors!
  1496 | D:4      | Noticed Edmund
  1687 | D:5      | Entered Level 5 of the Dungeon
  1859 | D:5      | Reached skill level 4 in Poison Magic
  1859 | D:5      | Reached XP level 4. HP: 27/35 MP: 5/8
  1866 | D:5      | Noticed a sky beast
  1882 | D:5      | Slain by a sky beast

Vault maps used:
D:1:      dpeg_arrival_signposts, minmay_hexomino_f4
D:4:      first_ration, uniq_edmund
D:5:      old_standard_altar, minmay_temple_entry_statues_fountains,
          st_stairs_7, serial_bayou_pond_b, lightli_minifort, uniq_menkaure

Skill      XL: |  1  2  3 |
---------------+----------+-----
Poison Magic   | 2 3 4 |  4.6
Fighting       | |  1.0
Dodging        | |  1.0
Stealth        | |  1.0
Shields        | |  1.0
Unarmed Combat | |  1.0
Spellcasting   | |  1.0
Charms         | |  1.7

Action                   |  1- 3 |  4- 6 || total
-------------------------+-------+-------++-------
Melee: Falchion          |    59 |     3 ||    62
Throw: Stone             |     3 |     1 ||     4
 Cast: Sting             |    44 |     7 ||    51
       Mephitic Cloud    |     1 |       ||     1
  Use: Potion            |       |     1 ||     1
 Stab: Sleeping          |     4 |       ||     4
  Eat: Chunk             |     3 |       ||     3
       Ration            |       |     1 ||     1
Armor: Robe              |    15 |       ||    15
Dodge: Dodged            |    60 |     2 ||    62
       Deflected         |     2 |       ||     2
       Rpst.: Falchion   |    16 |     2 ||    18

Table legend:
 A = Spawn XP
 B = Non-spawn XP
 C = Spawn XP percentage of total XP
 D = Spawn monster count
 E = Non-spawn monster count
 F = Spawn count percentage of total count
 G = Total turns spent on level
                    A         B        C        D         E        F      G
               +---------+---------+-------+---------+---------+-------+---------
         Total |       0 |     179 |   0.0 |       0 |      43 |   0.0 |  1882
               +---------+---------+-------+---------+---------+-------+---------
           D:1 |       0 |      48 |   0.0 |       0 |      25 |   0.0 |   954
           D:2 |       0 |      35 |   0.0 |       0 |      13 |   0.0 |   191
           D:4 |       0 |      13 |   0.0 |       0 |       1 |   0.0 |   542
           D:5 |       0 |      83 |   0.0 |       0 |       4 |   0.0 |   195
               +---------+---------+-------+---------+---------+-------+---------
